 Dungeon Crawl Stone Soup version 0.31.0-12-g77e489cdc1 (webtiles) character file.

Game seed: 16734457763266095231

1485976 GeoRichter the Worldbinder (level 27, 308/308 HPs)
             Began as an Oni Cinder Acolyte on Mar 1, 2024.
             Was an Initiate of Gozag.
             Escaped with the Orb
             ... and 3 runes on Mar 3, 2024!
             The game lasted 03:59:08 (89566 turns).

GeoRichter the Worldbinder (Oni Cinder Acolyte)    Turns: 89566, Time: 03:59:09

Health: 308/308    AC: 27    Str: 33    XL:     27
Magic:  47/47      EV: 15    Int: 33    God:    Gozag
Gold:   406        SH: 16    Dex:  6    Spells: 24/66 levels left

rFire   + . .        a - +8 trishula (holy)
rCold   + . .        S - +4 kite shield {AC+3}
rNeg    + . .        p - +7 swamp dragon scales
rPois   +            O - +2 hat
rElec   +            W - +1 cloak "Jazud" {Int+3}
rCorr   .            (gloves unavailable)
SInv    +            (boots unavailable)
Will    +++..        r - macabre finger necklace {Finger+ rN+} Stlth
                     y - ring of protection from fire
HPRegen 0.71/turn    X - ring "Eloicka" {+Blink rElec EV+5 Dex+3}
MPRegen 0.30/turn    Y - ring "Doecs" {*Slow rC+ Str+3 Int+6 SInv}

%: slow self (1%)
@: studying Staves
A: large, unfitting armour, horns 1, tough skin 1, double potion healing,
drunken brawling, strong-willed 1, strong 1, subdued magic 2, inability to read
after injury 1
0: Orb of Zot
}: 3/15 runes: serpentine, barnacled, silver
a: Renounce Religion, Evoke Blink, Potion Petition, Call Merchant, Bribe Branch


You escaped.
You worshipped Gozag.
Gozag was aware of your devotion.
You visited 12 branches of the dungeon, and saw 53 of its levels.
You visited the Abyss 1 time.
You also visited: Bailey and Ice Cave.

You collected 27958 gold pieces.
You spent 9494 gold pieces at shops.
You paid 18058 gold pieces to Gozag.

Inventory:

Hand Weapons
 a - a +8 trishula of holy wrath (weapon)
   (You took it off Mennas on level 2 of the Vaults)
 z - a +9 club of flaming
   (You took it off a Killer Klown on level 5 of the Realm of Zot)
 F - a +0 demon trident of electrocution
   (You took it off a merfolk impaler on level 4 of the Shoals)
Missiles
 f - 4 throwing nets {!f}
 B - 11 curare-tipped darts {!f}
Armour
 p - +7 swamp dragon scales (worn)
   (You bought it in a shop on level 14 of the Dungeon)
 u - a +2 robe of fire resistance
   (You took it off Jorgrun on level 1 of the Snake Pit)
 O - a +2 hat (worn)
   (You bought it in a shop on level 3 of the Snake Pit)
 S - a +4 kite shield of protection (worn)
   (You took it off a naga warrior on level 4 of the Snake Pit)
 W - the +1 cloak "Jazud" (worn) {Int+3}
   (You found it in an ice cave)

   Int+3:     It affects your intelligence (+3).
Magical Staves
 b - the staff "Koom" {rF+ rN+ SInv Necro Fire}
   (You found it on level 1 of the Snake Pit)

   [staff of death]

   Base accuracy: +5 Base damage: 5 Base attack delay: 1.2 This weapon's minimum
   attack delay (0.6) is reached at skill level 12.
   rF+:       It protects you from fire.
   rN+:       It protects you from negative energy.
   SInv:      It lets you see invisible.
   Necro:     It increases the power of your Necromancy spells.
   Fire:      It increases the power of your Fire spells.
   It falls into the 'Staves' category.
   It is a one-handed weapon.
Jewellery
 o - the necklace of Bloodlust {Fury *Rage Will++ Int-3 Slay+6}
   (You took it off a deep elf sorcerer on level 3 of the Elven Halls)

   [amulet of nothing]

   Fury:      It extends the wearer's berserk rage when killing foes.
   Int-3:     It affects your intelligence (-3).
   Slay+6:    It affects your accuracy & damage with ranged weapons and melee
   (+6).
   Will++:    It greatly increases your willpower.
   *Rage:     It berserks you when you make melee attacks (+50% chance).
 r - the macabre finger necklace (around neck) {Finger+ rN+}
   (You took it off a deep elf sorcerer on level 3 of the Elven Halls)

   [amulet of nothing]

   Finger+:   It enables you to equip an extra ring.
   rN+:       It protects you from negative energy.
 y - a ring of protection from fire (left hand)
   (You found it on level 13 of the Dungeon)
 H - a ring of poison resistance
   (You found it on level 5 of the Dungeon)
 N - an amulet of regeneration
   (You found it on level 10 of the Dungeon)
 Q - a ring of positive energy
   (You found it on level 10 of the Dungeon)
 T - the ring of the Twisting Fool {Fly rElec Int+6}
   (You bought it in a shop on level 10 of the Dungeon)

   [ring of intelligence]

   Int+6:     It affects your intelligence (+6).
   rElec:     It insulates you from electricity.
   Fly:       It grants you flight.
 X - the ring "Eloicka" (right hand) {+Blink rElec EV+5 Dex+3}
   (You found it on level 3 of the Realm of Zot)

   [ring of evasion]

   EV+5:      It affects your evasion (+5).
   Dex+3:     It affects your dexterity (+3).
   rElec:     It insulates you from electricity.
   +Blink:    It lets you blink.
 Y - the ring "Doecs" (on amulet) {*Slow rC+ Str+3 Int+6 SInv}
   (You took it off a deep elf knight on level 3 of the Elven Halls)

   [ring of intelligence]

   Str+3:     It affects your strength (+3).
   Int+6:     It affects your intelligence (+6).
   rC+:       It protects you from cold.
   SInv:      It lets you see invisible.
   *Slow:     It may slow you when you take damage.
 Z - the ring "Bolaawk" {rElec rPois Str+3}
   (You found it on level 3 of the Elven Halls)

   [ring of poison resistance]

   Str+3:     It affects your strength (+3).
   rElec:     It insulates you from electricity.
   rPois:     It protects you from poison
Wands
 i - a wand of paralysis (23)
   (You found it on level 2 of the Lair of Beasts)
 v - a wand of flame (142)
   (You found it on level 5 of the Dungeon)
 J - a wand of quicksilver (61)
   (You found it on level 3 of the Elven Halls)
 P - a wand of digging (30)
   (You found it on level 5 of the Lair of Beasts)
Scrolls
 d - 16 scrolls of teleportation {@r4}
 h - 5 scrolls of revelation
 m - 6 scrolls of noise {!r}
 q - 4 scrolls of torment {!r}
 s - 6 scrolls of immolation {!r}
 t - 8 scrolls of fear
 x - a scroll of blinking
 E - 14 scrolls of vulnerability {!r}
 I - 3 scrolls of amnesia
 K - 3 scrolls of silence
 U - 13 scrolls of fog
 V - a scroll of summoning
Potions
 c - 8 potions of attraction {!q}
 e - 4 potions of haste {@q3}
 g - 5 potions of might
 j - 5 potions of brilliance
 k - 7 potions of enlightenment
 l - 2 potions of lignification {!q}
 n - 3 potions of cancellation
 A - 2 potions of resistance
 C - a potion of ambrosia
 D - 3 potions of heal wounds {@q2}
 G - 11 potions of mutation {!q}
 L - 3 potions of invisibility
 M - 2 potions of berserk rage
 R - 11 potions of curing {@q1}
Miscellaneous
 w - a phantom mirror
   (You found it on level 14 of the Dungeon)


   Skills:
 + Level 23.8 Fighting
 - Level 3.2(9.5) Axes
 - Level 13.8(14.0) Polearms
 - Level 2.0(9.1) Staves
 + Level 15.5 Armour
 + Level 8.8 Dodging
 + Level 16.5 Shields
 - Level 20.1 Spellcasting
 - Level 24.6 Summonings
 - Level 14.0 Necromancy
 - Level 3.8 Translocations
 - Level 2.6 Fire Magic
 - Level 2.0 Ice Magic


You had 24 spell levels left.
You knew the following spells:

 Your Spells              Type           Power      Damage    Failure   Level
a - Death Channel         Necr           34%        N/A       1%          6
b - Malign Gateway        Summ/Tloc      34%        N/A       2%          7
c - Sublimation of Blood  Necr           68%        N/A       0%          2
d - Summon Hydra          Summ           44%        N/A       0%          7
e - Dragon's Call         Summ           44%        N/A       4%          9
f - Martyr's Knell        Necr/Summ      79%        N/A       0%          4
g - Haunt                 Necr/Summ      39%        N/A       1%          7

Your spell library contained the following spells:

 Spells                   Type           Power      Damage    Failure   Level
 Summon Small Mammal      Summ           100%       N/A       0%          1
 Call Imp                 Summ           100%       N/A       0%          2
 Call Canine Familiar     Summ           89%        N/A       0%          3
 Fugue of the Fallen      Necr           68%        N/A       0%          3
 Summon Ice Beast         Ice/Summ       66%        N/A       0%          3
 Vampiric Draining        Necr           68%        2d10      0%          3
 Dispel Undead            Necr           68%        3d23      0%          4
 Summon Blazeheart Golem  Fire/Summ      67%        N/A       0%          4
 Summon Cactus Giant      Summ           44%        N/A       0%          6
 Kiss of Death            Conj/Necr      100%       2d13      1%          1
 Magic Dart               Conj           80%        1d7       1%          1
 Sandblast                Erth           40%        2d10      1%          1
 Shock                    Conj/Air       80%        1d8       1%          1
 Slow                     Hex            80%        N/A       1%          1
 Blink                    Tloc           72%        N/A       1%          2
 Cigotuvi's Dreadful Rot  Necr/Alch/Air  80%        N/A       1%          2
 Ensorcelled Hibernation  Hex/Ice        48%        N/A       1%          2
 Jinxbite                 Hex            40%        N/A       1%          2
 Lesser Beckoning         Tloc           72%        N/A       1%          2
 Momentum Strike          Conj/Tloc      56%        3d9       1%          2
 Scorch                   Fire           62%        2d7       1%          2
 Searing Ray              Conj           40%        2d5       1%          2
 Frozen Ramparts          Ice            58%        1d9       1%          3
 Hailstorm                Conj/Ice       24%        3d7       1%          3
 Inner Flame              Hex/Fire       26%        N/A       1%          3
 Ozocubu's Armour         Ice            29%        N/A       1%          3
 Volatile Blastmotes      Fire/Tloc      68%        2d15      1%          3
 Anguish                  Hex/Necr       24%        N/A       1%          4
 Manifold Assault         Tloc           36%        N/A       1%          4
 Passage of Golubria      Tloc           36%        N/A       1%          4
 Summon Forest            Summ/Tloc      34%        N/A       1%          5
 Summon Mana Viper        Hex/Summ       64%        N/A       1%          5
 Confusing Touch          Hex            20%        N/A       2%          3
 Dazzling Flash           Conj/Hex       40%        N/A       2%          3
 Mephitic Cloud           Conj/Alch/Air  20%        N/A       2%          3
 Passwall                 Erth           20%        N/A       2%          3
 Sigil of Binding         Hex            20%        N/A       2%          3
 Stone Arrow              Conj/Erth      40%        3d9       2%          3
 Swiftness                Air            20%        N/A       2%          3
 Dimensional Bullseye     Hex/Tloc       14%        N/A       4%          4
 Iskenderun's Mystic Bla  Conj/Tloc      28%        2d7       4%          4
 Vhi's Electric Charge    Tloc/Air       56%        N/A       4%          4
 Spellforged Servitor     Conj/Summ      32%        N/A       5%          7
 Flame Wave               Conj/Fire      26%        2d8       6%          4
 Ignite Poison            Fire/Alch      26%        N/A       6%          4
 Airstrike                Air            10%        2d(2-18)  11%         4
 Brom's Barrelling Bould  Conj/Erth      20%        2d4       11%         4
 Cause Fear               Hex            10%        N/A       11%         4
 Fulminant Prism          Conj/Alch      10%        3d9       11%         4
 Leda's Liquefaction      Alch/Erth      10%        N/A       11%         4
 Petrify                  Alch/Erth      20%        N/A       11%         4
 Fireball                 Conj/Fire      13%        3d7       19%         5
 Metabolic Englaciation   Hex/Ice        12%        N/A       22%         5
 Freezing Cloud           Conj/Ice/Air   11%        6-21      26%         5
 Borgnjor's Revivificati  Necr           34%        N/A       26%         8
 Infestation              Necr           34%        N/A       26%         8
 Arcjolt                  Conj/Air       10%        1d20      32%         5
 Iskenderun's Battlesphe  Conj           20%        2d7       32%         5
 Silence                  Hex/Air        10%        N/A       32%         5
 Yara's Violent Unravell  Hex/Alch       10%        3d6       32%         5
 Dispersal                Tloc           18%        N/A       36%         6
 Plasma Beam              Fire/Air       13%        2x1d24    75%         6
 Starburst                Conj/Fire      13%        6d5       75%         6
 Sculpt Simulacrum        Ice/Alch       12%        N/A       80%         6
 Bombard                  Conj/Erth      10%        9d2       90%         6
 Conjure Ball Lightning   Conj/Air       10%        3x3d6     90%         6
 Eringya's Noxious Bog    Alch           10%        4d6       90%         6
 Ozocubu's Refrigeration  Ice            14%        4d10      99%         7
 Death's Door             Necr           34%        N/A       99%         9
 Enfeeble                 Hex            10%        N/A       100%        7
 Discord                  Hex            10%        N/A       100%        8
 Disjunction              Tloc           18%        N/A       100%        8
 Lehudib's Crystal Spear  Conj/Erth      10%        10d4      100%        8
 Maxwell's Capacitive Co  Air            10%        ∞         100%        8
 Chain Lightning          Conj/Air       10%        3d13      100%        9
 Fire Storm               Conj/Fire      13%        8d3       100%        9
 Polar Vortex             Ice            14%        12d1*     100%        9
 Shatter                  Erth           10%        3d11*     100%        9
 Animate Dead             Necr           Unusable   N/A       N/A         4

Dungeon Overview and Level Annotations

Branches:
Dungeon (15/15)            Temple (1/1) D:6            Lair (5/5) D:9
 Shoals (4/4) Lair:3        Snake (4/4) Lair:3        Slime (2/5) Lair:5
    Orc (2/2) D:10            Elf (3/3) Orc:2        Vaults (5/5) D:13
  Crypt (3/3) Vaults:3       Tomb (0/3) Crypt:3      Depths (4/4) D:15
    Zot (5/5) Depths:4     Bailey (visited)           IceCv (visited)

Altars:
Ashenzari
Cheibriados
Dithmenos
Elyvilon
Fedhas
Gozag
Hepliaklqana
Kikubaaqudgha
Makhleb
Nemelex Xobeh
Okawaru
Qazlal
Ru
Sif Muna
Trog
Uskayaw
Vehumet
Wu Jian
Xom
Yredelemnul
Zin
The Shining One
Lugonu

Shops:
D:8 ?   D:10 =   D:14 [   Orc:2 [!:*   Elf:3 (*?[((*   Shoals:1 =   Shoals:4 [
Snake:2 *   Snake:3 :*[   Vaults:1 (   Depths:2 (   Depths:3 [[[

Portals:
Hell: Depths:1 Depths:2 Depths:3 Depths:4
Abyss: Depths:1 Depths:2 Depths:3
Pandemonium: Orc:2 Depths:2
Ziggurat: Depths:3
Trove: D:10 (give +8 demon trident)

Annotations:
Lair:2 1 runed translucent door
Elf:1 20 runed translucent doors
Elf:2 11 runed translucent doors


Innate Abilities, Weirdness & Mutations

You are too large for most types of armour.
You have a pair of small horns on your head.
You have tough skin. (AC +1)
You gain doubled healing and magic from potions.
Whenever you drink a healing potion, you attack all around you.
You are strong-willed. (Will+)
Your muscles are strong. (Str +4, Int/Dex -1)
Your spells are easier to cast, but less powerful.
You occasionally lose the ability to read scrolls when taking damage.


Message History

Your quicksilver dragon claws the Orb Guardian!
A dragon arrives to answer your call!
Your quicksilver dragon closely misses the Orb Guardian.
Your quicksilver dragon claws the Orb Guardian!
The Orb Guardian hits your golden dragon!
Your golden dragon bites the Orb Guardian!
Your golden dragon claws the Orb Guardian!
Your golden dragon tramples the Orb Guardian but does no damage.
Your quicksilver dragon bites the Orb Guardian!
Your quicksilver dragon claws the Orb Guardian but does no damage.
A dragon arrives to answer your call!
The Orb Guardian hits your quicksilver dragon!
Your quicksilver dragon bites the Orb Guardian but does no damage.
Your quicksilver dragon claws the Orb Guardian.
Your fire dragon breathes flames at the Orb Guardian.
The blast of flame hits the Orb Guardian!!
The Orb Guardian dies!
What level of the Dungeon? (default 1, ? - help)
There is a stone staircase leading up here.
You climb upwards.
Your summoned allies are left behind.
There is a stone staircase leading down here.
There is a stone staircase leading up here.
You climb upwards.
There is a stone staircase leading down here.
There is a stone staircase leading up here.
You climb upwards.
There is a stone staircase leading down here.
The roar of the dragon horde subsides.
There is an open door here.
You see here a +0 spear.
Magic restored.
You can once more reach out to the dragon horde.
There is a stone staircase leading up here.
You climb upwards.
There is a stone staircase leading down here.
An ice devil comes into view.
You reach to attack!
You closely miss the ice devil.
You reach to attack!
You puncture the ice devil!
The ice devil convulses.
The ice devil is moderately wounded.
You puncture the ice devil!
The ice devil convulses.
You headbutt the ice devil.
The ice devil is heavily wounded.
You puncture the ice devil!
The ice devil convulses!
You kill the ice devil!
No target in view!
There is a stone staircase leading up here.
You climb upwards.
There is a stone staircase leading down here.
There is a staircase leading out of the dungeon here.
You have escaped!

.#.......#####..######.#.##.#....
.#.......# ##..######.#.##.#....
.#.......# #...............#....
.#..##...####...#####.##.##.#....
................### #.##.........
.#................##########.#...
.#.............####...### ##.##..
.#.########.#..#........###...#..
.#.########.#..#@..###...##.#.#..
.#.#.....##.#..#.### ##.......#..
...'.....+.....#.## #......##..
##.#....(##.#.##..# ##....###..
#.########.#.###.## #....###..
#.########.#.# #..#####.....##..
#.......##.#.# ##...##....#..)..
##.......##.#.#####..........##..
..................###........#...


There were no monsters in sight!

Vanquished Creatures
  A dread lich (Vaults:5)
  2 orbs of fire (Zot:5)
  2 ancient liches
  A caustic shrike (Depths:3)
  2 golden dragons
  Jory (Vaults:4)
  Zenata (Crypt:2)
  6 tentacled monstrosities
  Jorgrun (Snake:1)
  5 Orb Guardians (Zot:5)
  6 liches
  A deep elf master archer (Elf:3)
  2 deep elf blademasters (Elf:3)
  A sphinx (Crypt:3)
  A quicksilver dragon (Zot:1)
  An ancient champion (Crypt:1)
  4 death cobs
  3 tentacled starspawn (Abyss:4)
  3 shadow dragons
  2 storm dragons (Zot:3)
  A revenant (Crypt:2)
  A protean progenitor (Zot:1)
  A draconian monk (Zot:3)
  3 draconian knights
  A frost giant (Depths:2)
  A balrug (Depths:3)
  A fire giant (Depths:1)
  2 deep elf elementalists (Elf:3)
  A pandemonium lord (Depths:4)
  3 vault wardens
  4 deep elf sorcerers
  A draconian scorcher (Zot:1)
  A ghoul (Crypt:1)
  A curse skull (Crypt:3)
  2 draconian annihilators
  A reaper (Depths:3)
  A juggernaut skeleton (Crypt:3)
  4 very ugly things
  An ironbound thunderhulk (Vaults:3)
  A stone giant (Depths:2)
  2 deep elf death magi (Elf:3)
  Nessos (D:15)
  2 ironbound preservers
  A black draconian (Zot:3)
  5 vampire knights
  A white draconian (Zot:1)
  2 green draconians
  A purple draconian (Zot:3)
  A deep elf demonologist (Elf:3)
  7 deep elf annihilators
  A dire elephant (Vaults:1)
  2 war gargoyles (Crypt:3)
  7 yellow draconians
  3 red draconians (Zot:3)
  3 blizzard demons
  An eidolon (Crypt:3)
  5 ettins
  Snorg (Lair:3)
  7 yaktaur captains
  A merfolk impaler (Shoals:1)
  A fire dragon (Depths:2)
  3 jiangshi
  4 deep elf high priests (Elf:3)
  A hell beast (Depths:1)
  A peacekeeper (Vaults:1)
  2 catoblepae (Lair:5)
  4 hydras
  2 ice dragons
  8 vault guards (Vaults:5)
  5 ironbound frosthearts
  A rakshasa (Abyss:4)
  3 salamander tyrants
  2 ghost crabs (Crypt:3)
  7 anacondas
  A merfolk avatar (Shoals:1)
  9 centaur warriors
  A demonspawn (Orc:2)
  2 merfolk aquamancers (Shoals:4)
  4 two-headed ogres
  2 boulder beetles
  4 dancing weapons
  A tengu warrior (Depths:1)
  10 naga warriors
  2 thrashing horrors (Abyss:4)
  A deep troll earth mage (Depths:2)
  2 vampire magi (Crypt:1)
  2 deep troll shamans (Depths:3)
  8 death yaks
  4 orc high priests
  6 shock serpents
  3 occultists
  11 naga sharpshooters
  4 deep elf knights
  A hell knight (Depths:4)
  6 salamander mystics
  4 skeletal warriors
  2 shadow wraiths
  A titan skeleton (Crypt:2)
  3 sea snakes
  4 glowing orange brains
  7 deep trolls
  An iron troll (Depths:4)
  9 naga ritualists
  5 flayed ghosts
  A ghost moth zombie (Crypt:2)
  A glowing orange brain (shapeshifter) (Vaults:3)
  9 lindwurms
  11 mana vipers
  4 ironbound convokers
  An arcanist (Depths:2)
  9 orc knights
  9 phantasmal warriors
  A golden dragon skeleton (Crypt:1)
  Pikel (D:8)
  2 deep elf archers (Elf:3)
  2 harpies
  12 ugly things
  3 necromancers
  A stone giant zombie (Depths:2)
  20 deep elf pyromancers
  10 deep elf zephyrmancers
  4 fauns (Shoals:2)
  A cyclops (D:14)
  5 orc sorcerers
  15 salamanders
  An eleionoma zombie (Crypt:2)
  9 moths of wrath
  A steelbarb worm (shapeshifter) (Vaults:5)
  A shadow dragon skeleton (Crypt:2)
  3 manticores
  An iron dragon skeleton (Depths:2)
  A meliai (D:13)
  2 stone giant skeletons
  5 vault sentinels
  5 merfolk sirens
  5 guardian serpents
  5 elephants
  2 water nymphs
  An eye of devastation (shapeshifter) (Vaults:3)
  2 smoke demons
  21 black mambas
  6 cane toads
  6 naga magi
  A pale draconian zombie (Crypt:1)
  3 large abominations (Abyss:4)
  A dire elephant skeleton (Crypt:3)
  4 rime drakes (Lair:4)
  4 yaktaurs
  An unseen horror (Abyss:4)
  A gargoyle (D:10)
  A naga skeleton (Crypt:3)
  3 komodo dragons
  A tengu conjurer (Depths:2)
  2 freezing wraiths (Crypt:1)
  4 ice devils
  A guardian mummy (Crypt:3)
  8 merfolk
  2 red devils (Orc:2)
  2 hornets
  2 polar bears
  2 trolls
  2 harpy skeletons (Crypt:3)
  4 snapping turtles
  13 dream sheep
  9 blink frogs
  A frost giant simulacrum (Depths:2)
  11 slime creatures
  An ettin skeleton (Vaults:3)
  5 shadows
  An air elemental (Elf:1)
  21 yaks
  5 water elementals
  2 ynoxinuls (Abyss:4)
  A dire elephant simulacrum (IceCv)
  5 wyverns
  2 vampires
  A fire dragon skeleton (Crypt:3)
  11 wraiths
  A black mamba skeleton (Crypt:2)
  5 starcursed masses (Abyss:4)
  3 wargs
  A neqoxec (Abyss:4)
  A steam dragon (D:6)
  11 fire elementals
  3 redbacks (Vaults:4)
  A chaos spawn (Depths:1)
  A death yak simulacrum (IceCv)
  A spatial vortex (Abyss:4)
  22 nagas
  4 small abominations (Abyss:4)
  6 water moccasins
  3 hell hounds
  A fire bat zombie (Crypt:2)
  A sky beast (D:8)
  4 acid dragons
  14 orc warriors
  A glowing shapeshifter skeleton (Depths:3)
  4 ogres
  An ogre (shapeshifter) (D:10)
  A black bear (Lair:1)
  20 laughing skulls
  2 boggarts
  5 centaurs
  5 wolves
  A phantom (D:6)
  A weeping skull (Abyss:4)
  2 kobold brigands (D:8)
  6 bullfrogs
  A two-headed ogre simulacrum (D:11)
  A scorpion (D:5)
  10 wights
  21 nameless horrors
  2 electric eels (Lair:4)
  4 howler monkeys
  A lava snake (Lair:3)
  A bombardier beetle (D:3)
  10 jellies (Zot:3)
  A bullfrog zombie (Crypt:1)
  2 hounds
  9 orc priests
  A gnoll bouda (D:5)
  A human skeleton (Crypt:2)
  3 hell rats (Lair:4)
  8 orc wizards
  2 spriggan simulacra
  A troll simulacrum (D:11)
  3 mummies (Crypt:3)
  8 gnolls
  7 adders
  A swamp drake zombie (Crypt:1)
  A naga simulacrum (D:11)
  A steam dragon skeleton (Crypt:2)
  2 dart slugs
  38 orcs
  8 ball pythons
  5 bats
  8 endoplasms
  4 giant cockroaches
  6 goblins
  2 hobgoblins
  3 jackals
  4 quokkas
  2 frilled lizards
  16 kobolds
  A rat (D:2)
  6 starspawn tentacles (Abyss:4)
970 creatures vanquished.

Vanquished Creatures (collateral kills)
  3 dread liches
  Frederick (Depths:4)
  An orb of fire (Zot:5)
  5 ancient liches
  Mennas (Vaults:2)
  Mara (Vaults:4)
  Xtahua (Depths:3)
  Boris (thrice) (Vaults:3 Vaults:4 Crypt:2)
  Parghit (Depths:4)
  Vv (Depths:4)
  Bai Suzhen (Vaults:2)
  2 Killer Klowns (Zot:5)
  2 caustic shrikes (Depths:3)
  7 golden dragons
  3 electric golems
  17 Orb Guardians
  10 tentacled monstrosities
  Mlioglotl (Snake:3)
  4 titans
  2 quicksilver dragons
  An acid blob (Zot:3)
  Asterion (Vaults:2)
  9 liches
  An ancient champion (Crypt:2)
  3 sphinxes
  2 krakens
  4 death cobs
  A tentacled starspawn (Abyss:4)
  11 shadow dragons
  10 storm dragons
  Aizul (Snake:1)
  3 tengu reavers (Vaults:5)
  A rockslime (Slime:1)
  4 revenants
  4 nagarajas
  A draconian monk (Zot:3)
  An azure jelly (Slime:1)
  Donald (Vaults:2)
  Ilsuiw (Shoals:2)
  4 deep elf sorcerers (Elf:3)
  5 fire giants
  12 vault wardens
  3 frost giants
  4 draconian shifters
  5 draconian scorchers
  A deep elf elementalist (Elf:3)
  Louise (Snake:1)
  A ghoul (Crypt:1)
  A ghost moth (Zot:4)
  A draconian stormcaller (Zot:3)
  A draconian annihilator (Zot:5)
  9 ironbound preservers
  3 orc warlords
  3 spriggan defenders (Depths:3)
  11 stone giants
  An ironbound thunderhulk (Vaults:1)
  12 very ugly things
  3 formless jellyfish
  2 vampire knights (Crypt:1)
  2 caustic shrike skeletons (Crypt:3)
  A deep elf demonologist (Vaults:5)
  4 green draconians
  A lorocyproca (Abyss:4)
  5 deep elf death magi
  3 purple draconians
  3 deep elf annihilators
  2 dire elephants
  5 war gargoyles
  4 black draconians
  12 yellow draconians
  4 red draconians
  7 spark wasps
  2 spark wasps (shapeshifter)
  2 white draconians
  2 eidola
  10 merfolk impalers
  6 merfolk javelineers (Shoals:4)
  A blizzard demon (Depths:1)
  4 crystal guardians
  A mummy priest (Crypt:3)
  18 slime creatures
  9 yaktaur captains
  3 entropy weavers
  8 ettins
  11 fire dragons
  4 jiangshi
  Erolcha (Orc:2)
  4 deep elf high priests
  A salamander tyrant (Snake:4)
  2 peacekeepers
  A spriggan air mage (Depths:4)
  5 great orbs of eyes
  3 ice dragons
  A catoblepas (Lair:5)
  4 merfolk avatars
  19 vault guards
  3 hydras
  A juggernaut simulacrum (Depths:3)
  4 ghost crabs (Crypt:3)
  4 rakshasas
  10 anacondas
  10 ironbound frosthearts
  An Orb Guardian zombie (Crypt:1)
  An ogre mage (D:15)
  4 merfolk aquamancers
  A demonspawn (Orc:2)
  A death knight (D:14)
  3 boulder beetles
  3 deep troll shamans
  13 naga warriors
  5 two-headed ogres
  7 dancing weapons
  2 satyrs
  7 death yaks
  A demonic crawler (Abyss:4)
  10 centaur warriors
  3 vampire magi
  2 occultists (Depths:2)
  A tengu warrior (Depths:3)
  2 deep troll earth magi
  3 orc high priests (Orc:2)
  4 naga sharpshooters
  7 shock serpents
  2 sun demons
  10 deep elf knights
  A soul eater (Depths:1)
  7 thrashing horrors (Abyss:4)
  6 hell knights
  A spriggan berserker (Depths:4)
  A skyshark (Shoals:2)
  Nergalle (Lair:1)
  A skyshark (shapeshifter) (Depths:3)
  Sonja (D:13)
  10 sea snakes
  2 shadow wraiths
  6 salamander mystics
  A golden dragon zombie (Depths:3)
  A sixfirhy (Depths:1)
  5 iron trolls
  19 skeletal warriors
  A goliath frog (shapeshifter) (Vaults:5)
  An orb spider (shapeshifter) (Vaults:5)
  11 arcanists
  4 flayed ghosts (Crypt:3)
  A large abomination (Abyss:4)
  12 mana vipers
  An obsidian statue (Depths:1)
  6 naga ritualists
  15 ironbound convokers
  32 deep trolls
  A harpy (shapeshifter) (Vaults:5)
  8 deep elf archers
  5 orc knights
  12 phantasmal warriors
  12 lindwurms
  16 deep elf pyromancers
  17 ugly things
  14 harpies
  5 oklob plants (Zot:3)
  4 necromancers
  8 deep elf zephyrmancers
  2 orc sorcerers
  5 fauns
  A shining eye (Slime:1)
  19 moths of wrath
  A cyclops (Shoals:3)
  A worldbinder (Abyss:4)
  19 salamanders
  A shining eye (shapeshifter) (Depths:2)
  11 manticores
  12 nameless horrors
  29 black mambas
  A kobold blastminer (Orc:1)
  8 merfolk sirens
  A stone giant skeleton (Depths:1)
  8 vault sentinels
  An orange demon (Depths:1)
  7 guardian serpents
  10 naga magi
  3 elephants
  An elf zombie (Vaults:3)
  2 cane toads (Lair:3)
  5 water nymphs
  5 gargoyles
  4 molten gargoyles (Elf:1)
  Jeremiah (Lair:1)
  An unseen horror (D:13)
  A hellion (Depths:1)
  A rime drake (Lair:4)
  2 kobold demonologists
  2 komodo dragons (Lair:5)
  26 yaktaurs
  A tengu conjurer (Depths:2)
  3 freezing wraiths
  An ice devil (Depths:1)
  A guardian mummy (Crypt:3)
  14 merfolk
  A queen bee (shapeshifter) (Elf:2)
  A merfolk (shapeshifter) (Vaults:5)
  7 hornets
  A harpy skeleton (Abyss:4)
  5 snapping turtles
  5 wind drakes
  2 spriggan zombies (Depths:1)
  4 blink frogs
  2 glass eyes
  A glass eye (shapeshifter) (Elf:3)
  A dream sheep (shapeshifter) (Vaults:5)
  20 dream sheep
  A jumping spider (shapeshifter) (Vaults:5)
  2 tyrant leeches (Zot:1)
  2 fire giant simulacra
  3 fire dragon skeletons (Crypt:3)
  4 wraiths
  An air elemental (Elf:2)
  A shadow (D:11)
  29 yaks
  3 spriggans (Depths:3)
  12 water elementals
  2 ynoxinuls (Depths:1)
  10 basilisks
  An ushabti (Crypt:3)
  8 wyverns
  2 redbacks (Vaults:4)
  3 fire elementals
  4 neqoxecs
  2 chaos spawn
  2 wargs (Orc:2)
  4 vampire mosquitoes (D:14)
  14 nagas
  A swamp worm (shapeshifter) (Vaults:3)
  10 water moccasins
  2 acid dragons
  A glowing shapeshifter zombie (Depths:1)
  A hell hound (D:13)
  A glowing shapeshifter skeleton (Depths:3)
  An ice beast (D:6)
  A laughing skull (Crypt:3)
  A sky beast (D:6)
  28 orc warriors
  5 black bears
  A water nymph skeleton (Crypt:2)
  2 ogres
  A redback (shapeshifter) (Vaults:5)
  A human skeleton (Vaults:3)
  12 centaurs
  9 wolves
  A lemure (D:8)
  A hog skeleton (Crypt:2)
  A kobold brigand (D:7)
  A phantom (D:6)
  A weeping skull (Abyss:4)
  9 bullfrogs
  A scorpion (D:6)
  A two-headed ogre simulacrum (D:11)
  An earth elemental (Elf:3)
  3 necrophages (Crypt:1)
  A cane toad simulacrum (IceCv)
  6 wights
  2 electric eels
  3 howler monkeys (D:9)
  10 jellies
  2 lava snakes (Lair:3)
  A quasit (Depths:4)
  16 orc priests
  A hound (D:4)
  2 iguanas (D:6)
  2 sleepcaps
  3 hell rats (Lair:4)
  8 orc wizards
  A wolf simulacrum (IceCv)
  A troll simulacrum (D:11)
  A hound zombie (Crypt:1)
  5 mummies (Crypt:3)
  4 adders
  A naga simulacrum (D:11)
  A shadow imp (D:7)
  A white imp (D:7)
  4 ufetubi
  A dart slug (D:4)
  43 orcs
  3 hobgoblins (D:10)
  A ball python (D:2)
  A bat (D:2)
  3 frilled lizards
  2 goblins
  6 kobolds
  A rat (D:2)
  2 foxfires (Lair:3)
  4 tentacles (Shoals:2)
1371 creatures vanquished.

Vanquished Creatures (others)
  A dread lich (Zot:5)
  An ancient lich (Zot:5)
  A Killer Klown (Zot:5)
  A curse toe (Zot:5)
  4 Orb Guardians (Zot:5)
  A sphinx (Vaults:5)
  2 titans (Vaults:5)
  5 eldritch tentacles (Zot:5)
  A shadow dragon (Vaults:5)
  A tengu reaver (Vaults:5)
  A fire giant (Vaults:5)
  2 vault wardens
  A frost giant (Vaults:5)
  A draconian scorcher (Zot:5)
  2 draconian annihilators (Zot:5)
  An ironbound preserver (Vaults:5)
  2 stone giants (Vaults:5)
  A green draconian (Zot:5)
  A yellow draconian (Zot:5)
  2 ettins (Vaults:5)
  A yaktaur captain (Vaults:5)
  2 vault guards (Vaults:5)
  An ogre mage (Vaults:5)
  5 hell knights (Vaults:5)
  2 deep elf knights (Elf:2)
  3 phantasmal warriors (Vaults:5)
  2 ironbound convokers (Vaults:5)
  2 necromancers (Vaults:5)
  A deep elf zephyrmancer (Elf:1)
  A moth of wrath (Zot:5)
  A vault sentinel (Vaults:5)
  7 yaktaurs (Vaults:5)
  A lava snake (Elf:1)
  An orc (Orc:1)
  60 foxfires
  9 starspawn tentacles (Abyss:4)
  9 tentacles
140 creatures vanquished.

Grand Total: 2481 creatures vanquished

Notes
Turn   | Place    | Note
-------+----------+-------------------------------------------
     0 | D:1      | GeoRichter the Oni Cinder Acolyte began the quest for the
                  | Orb.
     0 | D:1      | Reached XP level 1. HP: 24/24 MP: 2/2
    88 | D:1      | Reached XP level 2. HP: 27/32 MP: 4/4
   115 | D:1      | Learned a level 2 spell: Call Imp
   255 | D:1      | Reached skill level 1 in Summonings
   472 | D:1      | Reached XP level 3. HP: 39/39 MP: 5/5
  1271 | D:2      | Reached skill level 2 in Summonings
  1409 | D:2      | Reached XP level 4. HP: 44/48 MP: 4/7
  2297 | D:3      | Reached XP level 5. HP: 51/54 MP: 5/9
  2306 | D:3      | Reached skill level 3 in Summonings
  3246 | D:4      | Found a blossoming altar of Fedhas.
  3284 | D:4      | Reached XP level 6. HP: 62/62 MP: 11/11
  3312 | D:4      | HP: 2/62 [orc priest/divine providence (12)]
  3338 | D:3      | Reached skill level 4 in Summonings
  4143 | D:5      | Entered Level 5 of the Dungeon
  4185 | D:5      | Learned a level 3 spell: Summon Ice Beast
  4376 | D:5      | Reached skill level 5 in Summonings
  4381 | D:5      | Reached XP level 7. HP: 26/70 MP: 11/13
  4877 | D:5      | Found a shadowy altar of Dithmenos.
  4888 | D:5      | Reached skill level 6 in Summonings
  5422 | D:5      | Reached skill level 7 in Summonings
  5422 | D:5      | Reached XP level 8. HP: 35/76 MP: 2/14
  5954 | D:6      | Reached skill level 8 in Summonings
  5983 | D:6      | Noticed a kobold demonologist
  5990 | D:6      | Noticed a hellwing
  6007 | D:6      | Noticed an ice devil
  6035 | D:5      | Killed a kobold demonologist
  6289 | D:6      | Noticed a hornet
  6292 | D:6      | Paralysed by a hornet for 3 turns
  6303 | D:6      | Killed a hornet
  6304 | D:6      | Reached skill level 9 in Summonings
  6305 | D:6      | Reached skill level 5 in Fighting
  6305 | D:6      | Reached skill level 1 in Ice Magic
  6531 | D:6      | Reached XP level 9. HP: 88/88 MP: 11/15
  6891 | D:6      | Found a staircase to the Ecumenical Temple.
  6987 | Temple   | Entered the Ecumenical Temple
  7066 | D:6      | Reached skill level 5 in Spellcasting
  7572 | D:7      | Noticed a hornet
  7587 | D:7      | Killed a hornet
  7840 | D:7      | Noticed a hornet
  7850 | D:7      | Paralysed by a hornet for 2 turns
  7855 | D:7      | Killed a hornet
  8756 | D:7      | Reached XP level 10. HP: 97/104 MP: 15/19
  9299 | D:7      | Learned a level 6 spell: Summon Cactus Giant
  9727 | D:8      | Reached skill level 10 in Summonings
  9792 | D:8      | Noticed Pikel
  9831 | D:8      | Reached skill level 10 in Fighting
 10028 | D:8      | Found an ancient bone altar of Kikubaaqudgha.
 10191 | D:8      | Killed Pikel
 10326 | D:8      | Found Juickio's Magic Scroll Boutique.
 10333 | D:8      | Bought a scroll of enchant weapon for 105 gold pieces
 10333 | D:8      | Bought a scroll of teleportation for 42 gold pieces
 11241 | D:9      | Reached skill level 11 in Summonings
 11335 | D:9      | Found Zin's Purification Station.
 11340 | D:9      | Found a glowing silver altar of Zin.
 11343 | D:9      | Bought a potion of curing for 90 gold pieces
 11703 | D:9      | Found a staircase to the Lair.
 11711 | D:9      | Reached XP level 11. HP: 119/119 MP: 12/23
 12080 | D:9      | Noticed a two-headed ogre
 12083 | D:9      | Killed a two-headed ogre
 12439 | Lair:1   | Entered Level 1 of the Lair of Beasts
 13008 | Lair:1   | Noticed Nergalle
 13051 | Lair:1   | Killed Nergalle
 13052 | Lair:1   | Reached skill level 12 in Summonings
 13531 | Lair:1   | Noticed Jeremiah
 13554 | Lair:1   | Killed Jeremiah
 14466 | Lair:2   | Learned a level 7 spell: Summon Hydra
 14540 | Lair:2   | Noticed a death yak
 14542 | Lair:2   | Noticed a death yak
 14542 | Lair:2   | Noticed a death yak
 14543 | Lair:2   | Noticed a death yak
 14544 | Lair:2   | Noticed a death yak
 14545 | Lair:2   | Noticed a death yak
 14556 | Lair:2   | Noticed a death yak
 14572 | Lair:2   | Reached XP level 12. HP: 95/133 MP: 8/25
 14576 | Lair:2   | Killed a death yak
 14585 | Lair:2   | Killed a death yak
 14599 | Lair:2   | Reached skill level 13 in Summonings
 14652 | Lair:2   | Killed a death yak
 14653 | Lair:2   | Reached skill level 10 in Spellcasting
 14911 | Lair:2   | Noticed a six-headed hydra
 15159 | Lair:2   | Killed a death yak
 15163 | Lair:2   | Killed a death yak
 15169 | Lair:2   | Killed a death yak
 15170 | Lair:2   | Killed a death yak
 15259 | Lair:2   | Reached skill level 5 in Polearms
 15263 | Lair:2   | Got Yngafoir's Papyrus of Snow and Dark Rites
 15454 | Lair:2   | Killed a six-headed hydra
 15506 | Lair:2   | Found a runed translucent door.
 15591 | Lair:2   | Noticed a five-headed hydra
 15598 | Lair:2   | Killed a five-headed hydra
 16037 | Lair:2   | Identified a scroll of acquirement
 16038 | Lair:2   | Acquired the +2 robe "Voki Axy" {Slay+5}
 16560 | Lair:3   | Found a staircase to the Shoals.
 16633 | Lair:3   | Reached XP level 13. HP: 121/141 MP: 16/27
 17220 | Lair:3   | Found a staircase to the Snake Pit.
 17429 | Lair:4   | Noticed Snorg
 17441 | Lair:3   | HP: 6/141 [Snorg (10)]
 17441 | Lair:3   | HP: 1/141 [Snorg (5)]
 17448 | Lair:3   | Killed Snorg
 17806 | Lair:4   | Reached skill level 10 in Polearms
 19576 | Lair:5   | Entered Level 5 of the Lair of Beasts
 19988 | Lair:5   | Reached XP level 14. HP: 150/150 MP: 18/28
 20500 | Lair:5   | Identified the +0 robe of Sif Muna's Anger {+Inv rN+ Dex-3}
 21094 | Lair:5   | Found a staircase to the Slime Pits.
 21125 | Slime:1  | Entered Level 1 of the Pits of Slime
 21125 | Slime:1  | Noticed a rockslime
 21125 | Slime:1  | Noticed an azure jelly
 21952 | Lair:5   | Reached skill level 14 in Summonings
 22550 | Lair:5   | Identified the ring "Osidgh" {Int+6 Dex+3}
 22848 | Slime:1  | Gained mutation: You sometimes lose your temper in combat.
                  | [a shining eye]
 22888 | Slime:1  | Killed a rockslime
 22903 | Slime:1  | Killed an azure jelly
 23171 | Slime:2  | Noticed an acid blob
 23171 | Slime:2  | Noticed an acid blob
 23171 | Slime:2  | Noticed an acid blob
 23171 | Slime:2  | Noticed an acid blob
 23171 | Slime:2  | Noticed an acid blob
 23171 | Slime:2  | Noticed an acid blob
 23171 | Slime:2  | Noticed an acid blob
 23185 | Lair:5   | Lost mutation: You sometimes lose your temper in combat.
                  | [potion of mutation]
 23185 | Lair:5   | Gained mutation: You are somewhat resistant to further
                  | mutation. [potion of mutation]
 23185 | Lair:5   | Gained mutation: Armour fits poorly on your strangely
                  | shaped body. [potion of mutation]
 23368 | Temple   | Fell from the grace of Ignis
 23368 | Temple   | Became a worshipper of Gozag Ym Sagoz the Greedy
 23465 | D:10     | Entered Level 10 of the Dungeon
 23514 | D:10     | Paralysed by a hornet for 1 turns
 23551 | D:10     | Found a portal to a secret trove of treasure.
 23698 | D:10     | Found a flagged portal.
 23725 | Bailey   | Entered a bailey
 24707 | D:10     | Found a staircase to the Orcish Mines.
 25172 | D:10     | Found an ornate altar of the Wu Jian Council.
 25235 | D:10     | Found a broken altar of Ashenzari.
 25235 | D:10     | Found a white marble altar of Elyvilon.
 25486 | D:10     | Reached skill level 15 in Summonings
 25496 | D:10     | Learned a level 9 spell: Dragon's Call
 25538 | Orc:1    | Entered Level 1 of the Orcish Mines
 25558 | Orc:1    | Reached XP level 15. HP: 165/165 MP: 21/30
 25578 | Orc:1    | You fall into a shaft and drop 1 floor!
 25578 | Orc:2    | Entered Level 2 of the Orcish Mines
 25777 | Orc:2    | Reached skill level 15 in Fighting
 26766 | Orc:2    | Found Pivuus's General Store.
 26777 | Orc:2    | Found Kahirph's Distillery.
 26815 | Orc:2    | Noticed Erolcha
 26827 | Orc:2    | Killed Erolcha
 26965 | Orc:2    | Found a staircase to the Elven Halls.
 27688 | Orc:2    | Bought a scroll of blinking for 90 gold pieces
 27688 | Orc:2    | Bought a scroll of enchant armour for 90 gold pieces
 27690 | Orc:2    | Bought a potion of haste for 170 gold pieces
 27690 | Orc:2    | Bought a potion of curing for 51 gold pieces
 27690 | Orc:2    | Bought a potion of curing for 51 gold pieces
 27690 | Orc:2    | Bought a potion of curing for 51 gold pieces
 27690 | Orc:2    | Bought a potion of curing for 51 gold pieces
 27927 | Orc:2    | Reached skill level 16 in Summonings
 27933 | Orc:2    | Found Quit Ulo's Antique Armour Emporium.
 27933 | Orc:2    | Found Jydwu's Book Shoppe.
 27987 | Orc:2    | Found a one-way gate leading to the halls of Pandemonium.
 27990 | Orc:2    | Bought a runed hat for 189 gold pieces
 28193 | D:10     | Bought the ring of the Twisting Fool {Fly rElec Int+6} for
                  | 625 gold pieces
 28273 | D:11     | Found a frozen archway.
 28283 | D:11     | You are sucked into a shaft and drop 1 floor!
 28308 | D:12     | Identified the ring of Kimitruemi {Fire *Corrode Int+5}
 28393 | IceCv    | Entered an ice cave
 28502 | IceCv    | Found a transporter.
 28510 | IceCv    | Identified the +1 cloak "Jazud" {Int+3}
 28524 | IceCv    | Found a transporter.
 28878 | D:11     | Found a faded altar of an unknown god.
 28878 | D:11     | Found a faded altar of an unknown god.
 28880 | D:11     | Found a hazy altar of Hepliaklqana.
 30047 | D:12     | You are sucked into a shaft and drop 1 floor!
 30539 | D:13     | You are sucked into a shaft and drop 2 floors!
 30539 | D:15     | Entered Level 15 of the Dungeon
 30855 | D:15     | Found a glowing golden altar of the Shining One.
 30921 | D:15     | Learned a level 4 spell: Martyr's Knell
 31371 | D:15     | Noticed Nessos
 31378 | D:15     | Killed Nessos
 31379 | D:15     | Reached XP level 16. HP: 163/182 MP: 18/31
 31456 | D:15     | Reached skill level 17 in Summonings
 31878 | D:15     | Found a staircase to the Depths.
 32028 | D:14     | You are sucked into a shaft and drop 1 floor!
 32028 | D:15     | Was forgiven by Ignis
 32667 | D:14     | Found Femmuutt's Antique Armour Shoppe.
 32667 | D:14     | Found a sacrificial altar of Ru.
 33374 | D:13     | Found a sparkling altar of Nemelex Xobeh.
 33399 | D:13     | Identified the maw talisman "Apoh" {rC- Str+4 Slay-3 SInv}
 33529 | D:13     | Found a gate to the Vaults.
 33759 | D:13     | Reached skill level 18 in Summonings
 33890 | D:14     | Bought swamp dragon scales for 1850 gold pieces
 33903 | D:14     | Lost mutation: You are somewhat resistant to further
                  | mutation. [potion of mutation]
 33903 | D:14     | Lost mutation: Armour fits poorly on your strangely shaped
                  | body. [potion of mutation]
 33903 | D:14     | Gained mutation: Your magical capacity is low. (-10% MP)
                  | [potion of mutation]
 33903 | D:14     | Gained mutation: You occasionally shout uncontrollably at
                  | your foes. [potion of mutation]
 33903 | D:14     | Gained mutation: Your natural rate of healing is unusually
                  | fast. [potion of mutation]
 34076 | D:13     | Reached skill level 1 in Armour
 34514 | Snake:1  | Entered Level 1 of the Snake Pit
 34891 | Snake:1  | Reached skill level 5 in Armour
 35469 | Snake:1  | Found a snail-covered altar of Cheibriados.
 35740 | Snake:1  | Reached XP level 17. HP: 183/189 MP: 1/29
 36057 | Snake:1  | Reached skill level 1 in Shields
 36203 | Snake:1  | Noticed Jorgrun
 36276 | Snake:1  | Killed Jorgrun
 36721 | Snake:1  | Reached skill level 5 in Shields
 37063 | Snake:1  | Noticed Louise
 37085 | Snake:1  | Killed Louise
 37417 | Snake:1  | Identified the staff "Koom" {rF+ rN+ SInv Necro Fire}
 37422 | Snake:1  | Identified the +8 lajatang "Undertaker" {venom, Int+2}
 37613 | Snake:1  | Identified the serpent talisman of the Iron City of Dis
                  | {rC+ Will+ SInv Stlth+}
 37613 | Snake:1  | Noticed Aizul
 37629 | Snake:1  | Killed Aizul
 37637 | Snake:1  | Learned a level 6 spell: Death Channel
 37924 | Snake:2  | Reached skill level 1 in Necromancy
 38136 | Snake:2  | Reached skill level 1 in Staves
 39395 | Snake:2  | Found Neunun's Assorted Antiques.
 39485 | Snake:2  | Bought 2 scrolls of blinking for 435 gold pieces
 39698 | Snake:2  | Reached skill level 5 in Necromancy
 39803 | Snake:3  | Found Dyubreit's Antique Armour Shop.
 39882 | Snake:3  | Reached XP level 18. HP: 68/198 MP: 8/30
 40427 | Snake:3  | Noticed Mlioglotl
 40439 | Snake:3  | Paralysed by you for 1 turns
 40450 | Snake:3  | Killed Mlioglotl
 41017 | Snake:3  | Found Emnitwut's Assorted Antiques.
 41017 | Snake:3  | Found Ocibb's Book Shoppe.
 41071 | Snake:3  | Bought a scroll of enchant weapon for 172 gold pieces
 41358 | Snake:3  | Bought a glowing hat for 245 gold pieces
 41559 | Snake:4  | Entered Level 4 of the Snake Pit
 41559 | Snake:4  | Found a broken altar of Ashenzari.
 41767 | Snake:4  | Identified the ring "Uckadur" {Fire +Blink Slay+2}
 42875 | Snake:4  | Reached skill level 10 in Necromancy
 43701 | Snake:4  | Reached XP level 19. HP: 140/206 MP: 14/31
 43709 | Snake:4  | Learned a level 7 spell: Haunt
 44399 | Snake:4  | Got a serpentine rune of Zot
 44574 | Shoals:1 | Entered Level 1 of the Shoals
 44988 | Shoals:1 | Found Fuxec's Jewellery Emporium.
 46397 | Shoals:2 | Noticed Ilsuiw
 47470 | Shoals:2 | Killed Ilsuiw
 48039 | Shoals:4 | Entered Level 4 of the Shoals
 48214 | Shoals:4 | Found Ogry's Armour Shoppe.
 48655 | Shoals:4 | Reached skill level 10 in Shields
 48746 | Shoals:4 | Identified the +1 long sword of Accord {flame, rElec rC++
                  | rN+ Dex-2}
 48829 | Shoals:4 | Identified the ring of Ysueritu {Fly Will+ rCorr MP-9
                  | Int+4}
 49686 | Shoals:4 | Got a barnacled rune of Zot
 49755 | Shoals:3 | Reached XP level 20. HP: 188/218 MP: 15/33
 50106 | Elf:1    | Entered Level 1 of the Elven Halls
 50140 | Elf:1    | Paralysed by an air elemental for 1 turns
 50144 | Elf:1    | Paralysed by an air elemental for 1 turns
 50732 | Elf:1    | Found a shimmering altar of Xom.
 50869 | Elf:1    | Found a huge runed translucent gate.
 50869 | Elf:1    | Found a huge runed translucent gate.
 50872 | Elf:1    | Found a huge runed translucent gate.
 50872 | Elf:1    | Found a huge runed translucent gate.
 50873 | Elf:1    | Found a huge runed translucent gate.
 50873 | Elf:1    | Found a huge runed translucent gate.
 50873 | Elf:1    | Found a huge runed translucent gate.
 50873 | Elf:1    | Found a huge runed translucent gate.
 50873 | Elf:1    | Found a huge runed translucent gate.
 50873 | Elf:1    | Found a huge runed translucent gate.
 50873 | Elf:1    | Found a huge runed translucent gate.
 50873 | Elf:1    | Found a huge runed translucent gate.
 50874 | Elf:1    | Found a huge runed translucent gate.
 50874 | Elf:1    | Found a huge runed translucent gate.
 50874 | Elf:1    | Found a huge runed translucent gate.
 50874 | Elf:1    | Found a huge runed translucent gate.
 50874 | Elf:1    | Found a huge runed translucent gate.
 50874 | Elf:1    | Found a huge runed translucent gate.
 50903 | Elf:1    | Found a huge runed translucent gate.
 50903 | Elf:1    | Found a huge runed translucent gate.
 52541 | Elf:2    | Paralysed by an air elemental for 1 turns
 52546 | Elf:2    | Paralysed by an air elemental for 1 turns
 52939 | Elf:2    | Found a huge runed translucent gate.
 52940 | Elf:2    | Found a huge runed translucent gate.
 52940 | Elf:2    | Found a huge runed translucent gate.
 52940 | Elf:2    | Found a huge runed translucent gate.
 52940 | Elf:2    | Identified the +1 double sword of Doubt {flame, Str+4 SInv}
 52941 | Elf:2    | Found a huge runed translucent gate.
 52942 | Elf:2    | Found a huge runed translucent gate.
 52943 | Elf:2    | Found a huge runed translucent gate.
 52943 | Elf:2    | Found a huge runed translucent gate.
 53204 | Elf:2    | Found a runed translucent gate.
 53204 | Elf:2    | Found a runed translucent gate.
 53208 | Elf:2    | Found a runed translucent gate.
 53495 | Elf:3    | Entered Level 3 of the Elven Halls
 53550 | Elf:3    | Found Qivat's Antique Weapon Shop.
 53559 | Elf:3    | Bought a faintly humming scarf for 290 gold pieces
 53559 | Elf:3    | Identified the scarf of Pathos {shadows, Regen+ Str-2 Dex+3
                  | Stlth+} (You bought it in a shop on level 3 of the Elven
                  | Halls)
 53561 | Elf:3    | Bought a scroll of summoning for 180 gold pieces
 53757 | Elf:3    | Found Koonoy's Weapon Shop.
 53793 | Elf:3    | Found Fufev's Assorted Antiques.
 53893 | Elf:3    | Bought a scroll of blinking for 247 gold pieces
 53893 | Elf:3    | Bought a potion of heal wounds for 165 gold pieces
 54007 | Elf:3    | Identified the ring "Bolaawk" {rElec rPois Str+3}
 54055 | Elf:3    | Found Quthig's General Store.
 54067 | Elf:3    | Reached skill level 10 in Armour
 54327 | Elf:3    | Found Kunt's Weapon Boutique.
 54647 | Elf:3    | Identified the +10 falchion "Lizear" {spect, rC+ Str+2
                  | Stlth+}
 55078 | Elf:3    | Identified the ring "Doecs" {*Slow rC+ Str+3 Int+6 SInv}
 55380 | Elf:3    | Identified the +6 dagger of Slow Death {heavy, rCorr Str+2}
 55457 | Elf:3    | Reached XP level 21. HP: 133/217 MP: 19/35
 55664 | Elf:3    | Got the Handbook of the Wind
 55715 | Elf:3    | Identified the +2 scale mail of Quxaummumn {rElec rC- Will+
                  | Regen+}
 55725 | Elf:3    | Identified the staff of the Candelabrum {rC+ Str+2 Ice}
 56062 | Vaults:1 | Entered Level 1 of the Vaults
 56333 | Vaults:1 | Reached skill level 19 in Summonings
 56863 | Vaults:1 | Found Githry's Antique Weapon Shop.
 58394 | Vaults:2 | Noticed Donald
 58410 | Vaults:2 | Killed Donald
 58548 | Vaults:2 | Noticed Bai Suzhen
 58572 | Vaults:2 | Killed Bai Suzhen
 58728 | Vaults:2 | Reached skill level 15 in Spellcasting
 58970 | Vaults:2 | Noticed Asterion
 59196 | Vaults:2 | Killed Asterion
 59332 | Vaults:2 | Noticed Mennas
 59359 | Vaults:2 | Paralysed by a formless jellyfish for 1 turns
 59370 | Vaults:2 | Paralysed by a formless jellyfish for 1 turns
 60627 | Vaults:2 | Paralysed by a formless jellyfish for 1 turns
 60830 | Vaults:2 | Reached skill level 20 in Summonings
 61720 | Vaults:2 | Paralysed by a formless jellyfish for 1 turns
 61861 | Vaults:2 | Killed Mennas
 63547 | Vaults:3 | Noticed Boris
 63560 | Vaults:3 | Killed Boris
 63806 | Vaults:3 | Reached XP level 22. HP: 211/237 MP: 1/37
 64603 | Vaults:3 | Found a staircase to the Crypt.
 65341 | Vaults:4 | Noticed Mara
 65347 | Vaults:4 | Killed Mara
 65348 | Vaults:4 | Reached skill level 21 in Summonings
 65543 | Vaults:4 | Noticed Jory
 65546 | Vaults:4 | Noticed Boris
 65554 | Abyss:4  | Cast into level 4 of the Abyss (Jory)
 65718 | Abyss:4  | Found a corrupted altar of Lugonu.
 65773 | Abyss:4  | Found a corrupted altar of Lugonu.
 65855 | Vaults:4 | Escaped the Abyss
 66484 | Vaults:4 | Killed Jory
 66738 | Vaults:4 | Reached skill level 22 in Summonings
 66742 | Vaults:4 | Killed Boris
 67421 | Vaults:5 | Entered Level 5 of the Vaults
 67428 | Vaults:5 | Reached XP level 23. HP: 190/245 MP: 10/40
 67430 | Vaults:5 | Noticed a golden dragon
 67602 | Vaults:5 | Identified the +7 great sword "Laisiacry" {heavy, rC+
                  | Dex+3}
 67791 | Vaults:5 | Noticed a dread lich
 67809 | Vaults:5 | Killed a dread lich
 67956 | Vaults:5 | Killed a golden dragon
 68214 | Vaults:5 | Got a silver rune of Zot
 68258 | Vaults:5 | Identified the +2 spear "Naeskiquci" {flame, Dex+2 SInv}
 68262 | Vaults:5 | Identified the +5 orcbow of Balance {elec, rC+ Int+2}
 68262 | Vaults:5 | Identified the amulet of Pragmatism {Faith rElec rF+ Will-
                  | Dex+3}
 68266 | Vaults:5 | Reached skill level 23 in Summonings
 68291 | Vaults:5 | Noticed a dread lich
 68299 | Vaults:5 | Noticed a golden dragon
 68339 | Vaults:5 | Killed a golden dragon
 68363 | Vaults:5 | Killed a dread lich
 68927 | Vaults:5 | Got Miugoa Myari's Thoughts on the Maleficium and the Door
 68933 | Vaults:5 | Got the Thoughts on Tinctures
 68936 | Vaults:5 | Got Test's Compilation of the Tesseract
 68953 | Vaults:5 | Identified the +8 flail of Disarray {heavy, Dex+2}
 69117 | Vaults:5 | Noticed a dread lich
 69129 | Vaults:5 | Identified the +6 plate armour "Veckiust" {rCorr Dex+5}
 69329 | Vaults:5 | Identified the +3 spear of Sulphur {drain, rPois rF++
                  | Dex-2}
 69562 | Vaults:5 | Got Sif Muna's Omnibus of Incandescence
 69858 | Vaults:5 | Acquired 622 gold pieces
 70150 | Depths:1 | Entered Level 1 of the Depths
 70696 | Depths:1 | Found an opulent altar of Gozag.
 70766 | Depths:1 | Found a one-way gate to the infinite horrors of the Abyss.
 71055 | Depths:1 | Reached XP level 24. HP: 186/257 MP: 19/41
 71520 | Depths:1 | Found a gateway to Hell.
 71907 | Depths:2 | Found Fighan's Weapon Shop.
 73453 | Depths:3 | Found a one-way gateway to a ziggurat.
 73678 | Depths:3 | Noticed Xtahua
 73687 | Depths:3 | Killed Xtahua
 74139 | Depths:3 | Found a corrupted altar of Lugonu.
 74153 | Depths:3 | Noticed a caustic shrike
 74153 | Depths:3 | Noticed a caustic shrike
 74153 | Depths:3 | Noticed a caustic shrike
 74170 | Depths:3 | Killed a caustic shrike
 74171 | Depths:3 | Reached skill level 24 in Summonings
 74173 | Depths:3 | Killed a caustic shrike
 74173 | Depths:3 | Killed a caustic shrike
 74976 | Depths:3 | Found a glowing silver altar of Zin.
 74976 | Depths:3 | Found a glowing golden altar of the Shining One.
 74976 | Depths:3 | Found a white marble altar of Elyvilon.
 75032 | Depths:4 | Entered Level 4 of the Depths
 75322 | Depths:4 | Noticed Vv
 75346 | Depths:4 | Reached XP level 25. HP: 114/270 MP: 13/41
 75557 | Depths:4 | Noticed Parghit
 75581 | Depths:4 | Killed Parghit
 75610 | Depths:4 | Identified the orb "Qecoal" {*channel, rF+}
 75610 | Depths:4 | Noticed Frederick
 75618 | Depths:4 | Killed Frederick
 76248 | Depths:4 | Killed Vv
 76749 | Depths:4 | Found a hide-covered altar of Uskayaw.
 76899 | Depths:4 | Found a gate to the Realm of Zot.
 77216 | Crypt:1  | Entered Level 1 of the Crypt
 78652 | Crypt:1  | Learned a level 7 spell: Malign Gateway
 78655 | Crypt:1  | Learned a level 2 spell: Sublimation of Blood
 78740 | Crypt:2  | Noticed Zenata
 78755 | Crypt:2  | Killed Zenata
 79210 | Crypt:2  | Noticed Boris
 79216 | Crypt:2  | Killed Boris
 79730 | Crypt:3  | Entered Level 3 of the Crypt
 80903 | Crypt:3  | Found an ancient bone altar of Kikubaaqudgha.
 80908 | Crypt:3  | Reached XP level 26. HP: 285/286 MP: 28/42
 81350 | Crypt:3  | Reached skill level 1 in Dodging
 81541 | Crypt:3  | Found a staircase to the Tomb.
 81847 | Crypt:3  | Found the +8 mithril axe "Arga" {speed, Will+}
 81954 | Crypt:3  | Got the Guide on the Iceberg
 82000 | Crypt:3  | Lost mutation: Your magical capacity is low. (-10% MP)
                  | [potion of mutation]
 82000 | Crypt:3  | Lost mutation: You occasionally shout uncontrollably at
                  | your foes. [potion of mutation]
 82000 | Crypt:3  | Lost mutation: Your natural rate of healing is unusually
                  | fast. [potion of mutation]
 82000 | Crypt:3  | Gained mutation: Your spells are a little easier to cast,
                  | but a little less powerful. [potion of mutation]
 82000 | Crypt:3  | Gained mutation: Your spells are easier to cast, but less
                  | powerful. [potion of mutation]
 82000 | Crypt:3  | Gained mutation: You are strong-willed. (Will+) [potion of
                  | mutation]
 82000 | Crypt:3  | Gained mutation: Your muscles are strong. (Str +4, Int/Dex
                  | -1) [potion of mutation]
 82401 | Depths:3 | Bought a faintly humming hat for 297 gold pieces
 82401 | Depths:3 | Identified the +1 hat of the Ikuchi {rC+++ Will- rCorr
                  | Stlth-} (You bought it in a shop on level 3 of the Depths)
 82401 | Depths:3 | Bought an embroidered hat for 231 gold pieces
 82405 | Depths:3 | Bought glowing pearl dragon scales for 3777 gold pieces
 82478 | Zot:1    | Entered Level 1 of the Realm of Zot
 82670 | Zot:1    | Reached skill level 15 in Shields
 82876 | Zot:1    | Reached skill level 1 in Translocations
 83815 | Zot:2    | Identified the +9 short sword "Ziud Til" {flame, ^Contam
                  | rN+ Str+4 Dex+3}
 83824 | Zot:2    | Noticed an ancient lich
 83828 | Zot:2    | Noticed an ancient lich
 83831 | Zot:2    | Killed an ancient lich
 83840 | Zot:2    | Killed an ancient lich
 84003 | Zot:2    | Identified the +10 falchion "Moibro" {freeze, rCorr Int+3}
 84914 | Zot:3    | Found a broken altar of Ashenzari.
 84950 | Zot:3    | Identified the ring "Eloicka" {+Blink rElec EV+5 Dex+3}
 85306 | Zot:3    | Reached skill level 5 in Dodging
 87044 | Zot:5    | Entered Level 5 of the Realm of Zot
 87085 | Zot:5    | Reached XP level 27. HP: 302/302 MP: 16/47
 87494 | Zot:5    | Noticed a dread lich
 87495 | Zot:5    | Noticed an ancient lich
 87502 | Zot:5    | Noticed a dread lich
 87503 | Zot:5    | Noticed an ancient lich
 87503 | Zot:5    | Noticed an ancient lich
 87504 | Zot:5    | Noticed an ancient lich
 87504 | Zot:5    | Noticed an orb of fire
 87525 | Zot:5    | Killed an orb of fire
 87525 | Zot:5    | Killed a dread lich
 87528 | Zot:5    | Noticed an orb of fire
 87533 | Zot:5    | Killed an ancient lich
 87543 | Zot:5    | Killed an ancient lich
 87857 | Zot:5    | Gained mutation: You occasionally lose the ability to read
                  | scrolls when taking damage. [an orb of fire]
 87863 | Zot:5    | Killed an orb of fire
 88367 | Zot:5    | Killed an ancient lich
 88404 | Zot:5    | Killed an ancient lich
 88460 | Zot:5    | Reached skill level 15 in Armour
 88493 | Zot:5    | Noticed an orb of fire
 88496 | Zot:5    | Noticed a dread lich
 88501 | Zot:5    | Killed an orb of fire
 88502 | Zot:5    | Noticed an ancient lich
 88507 | Zot:5    | Noticed an ancient lich
 88507 | Zot:5    | Killed a dread lich
 88516 | Zot:5    | Killed an ancient lich
 88517 | Zot:5    | Killed an ancient lich
 88918 | Zot:5    | Got the Orb of Zot
 89087 | Depths:4 | Noticed Jaliomp the pandemonium lord
 89092 | Depths:4 | Killed Jaliomp the pandemonium lord
 89267 | D:13     | Noticed Sonja
 89272 | D:13     | Killed Sonja
 89566 | D:$      | Escaped with the Orb!

Illustrated notes

Levels and vault maps discovered:
D:1:      dpeg_arrival_round_b, layout_basic
D:2:      minmay_chambers_of_twos, layout_basic
D:3:      layout_basic, nrook_uturn
D:4:      layout_basic, fedhas_ov_isle_minmay
D:5:      layout_loops_ring, nicolae_dithmenos_through_a_glass_darkly,
          minmay_fountain_box
D:6:      layout_rooms, minmay_temple_entry_proselytizer,
          minmay_misc_feat_more_columns, nicolae_eternal_life
D:7:      layout_layer_cave, kennysheep_generic_room_4
D:8:      layout_rooms, mainiacjoe_overflow_concentric_impassable, serial_shops,
          shop_scrolls, minmay_misc_feat_enclosed, minmay_manual_mandibuliform,
          uniq_pikel
D:9:      layout_layer_cave, zin_purify, minmay_lair_entry_grove
D:10:     layout_loops_ring, gammafunk_temple_overflow_statue,
          lemuel_crystal_altar, david_orc_1_choice, enter_trove_5,
          enter_bailey_4, minmay_mirror_moons_of_madness
D:11:     layout_loops_corners, portal_ice_cave_entry_ice_simulacra,
          nicolae_hepliaklqana_ecumenical_no_more
D:12:     layout_roguey, nicolae_figureground_pulse
D:13:     minmay_cornered_nines, layout_irregular_city,
          hellmonk_vaults_order_and_chaos, st_stairs_1,
          minmay_misc_feat_four_crosses, nemelex_lonely_heart_becter, uniq_sonja
D:14:     layout_roguey, nicolae_ru_awakened_eye, serial_shops, shop
D:15:     hangedman_depths_entry_try_elsewhere_first, layout_small_grid,
          nicolae_tso_swordbearing_angel, uniq_nessos
Temple:   hellmonk_temple_two_chambers
Lair:1:   layout_gridlike, beast_lair_carwin_10, uniq_nergalle, uniq_jeremiah
Lair:2:   gammafunk_indiana_jones, layout_regular_city,
          nicolae_lair_grazing_beasts [nicolae_sub_lair_graze_edge,
          nicolae_sub_lair_graze_edge, nicolae_sub_lair_graze_edge,
          nicolae_sub_lair_graze_edge], serial_bayou_shore_b
Lair:3:   layout_regular_city, elwin_shoals_entry_rocks,
          nicolae_snake_entry_warm_welcome, minivault_23
Lair:4:   layout_roguey [special_room_mythical_zoo], serial_bayou,
          serial_bayou_lake_a, serial_bayou_pond_e, serial_bayou_pond_d,
          serial_bayou_pond_c, serial_bayou_pond_d, serial_bayou_lagoon_a,
          beast_lair_carwin_3, uniq_snorg
Lair:5:   evilmike_catoblepas_cave, layout_misc_corridors,
          dpeg_slime_entry_enclosed, serial_forest, infiniplex_forest_corner_1,
          infiniplex_forest_corner_2, infiniplex_forest_end_2,
          infiniplex_forest_straight_4, infiniplex_forest_straight_1,
          infiniplex_forest_lined_corner, infiniplex_forest_end_1,
          infiniplex_forest_straight_2, lemuel_fruit_tree
Shoals:1: layout_shoals, serial_shops, shop, nicolae_shoals_arrival_archipelago
Shoals:2: layout_shoals, uniq_ilsuiw
Shoals:3: layout_shoals, nicolae_shoals_former_cling_ruins
Shoals:4: shoals_end_hangedman, layout_shoals, shoals_ilsuiw_alternative,
          serial_shops, shop, nicolae_shop_trees
Snake:1:  kennysheep_snake, layout_basic, basic_altar, grunt_megastairs_2,
          uniq_louise, uniq_aizul, uniq_jorgrun
Snake:2:  cheibrodos_forgotten_conduit, layout_basic, serial_shops, shop,
          serial_library_hellmonk_junction, grunt_ministairs_4,
          serial_library_regret_index_small_wings, nicolae_snake_biting_tails
Snake:3:  layout_misc_corridors, serial_shops, nicolae_diamond_shop,
          special_room, nicolae_snake_round_shape_thing, minmay_shoptagon,
          uniq_mlioglotl
Snake:4:  snake_pit_salamanders_mu, layout_basic, basic_altar
Slime:1:  layout_caves
Slime:2:  layout_caves, nicolae_slime_welcoming_committee
Orc:1:    layout_caves
Orc:2:    pf_orc_diabolical, layout_caves, uniq_erolcha
Elf:1:    minmay_elf_arrival_summoners, layout_loops_ring, basic_altar,
          hangedman_elf_represent, minivault_8
Elf:2:    elven_hall_of_blades_hangedman_original
          [nicolae_vaults_blade_armed_guards], layout_onion_city,
          nicolae_elf_double_double_double_trouble
Elf:3:    minmay_elf_hall_spiked, layout_loops_ring, serial_shops, shop, shop,
          nicolae_shop_rolling_square, shop, nicolae_shop_waterfront
Vaults:1: v_pattern_3, nicolae_vaults_diagonal_hallway_7, v_misc_19,
          nicolae_vaults_layer_cake_slice, v_alt_pattern_5,
          nicolae_vaults_little_squares_5, nicolae_vaults_two_Ls,
          grunt_vaults_hallway_short, nicolae_vaults_sesquioval_fish,
          layout_vaults_omnigrid, serial_shops, shop
Vaults:2: nicolae_vaults_quartermaster, hangedman_vaults_variations,
          ontoclasm_vaults_tryst, nicolae_vaults_storage_room_doors,
          nicolae_vaults_border_crossing, nicolae_vaults_weapon_check,
          nicolae_vaults_more_shelving_1, vaults_dpeg_diagonal,
          layout_vaults_ring, uniq_asterion, uniq_donald, uniq_mennas,
          uniq_bai_suzhen
Vaults:3: hangedman_vaults_corner_blocks, hangedman_vaults_snaps,
          grunt_vaults_focal, hangedman_vaults_hat,
          nicolae_vaults_loss_of_containment, nicolae_vaults_trapezoid_4,
          minmay_crypt_entry_simple_sparse, nicolae_vaults_house_2,
          vaults_dpeg_spiral, nicolae_vaults_closet_pinwheel_5,
          layout_vaults_big_room, uniq_boris
Vaults:4: ontoclasm_vaults_spin, ontoclasm_vaults_hangar,
          nicolae_vaults_more_shelving_2, nicolae_vaults_tetromino_T_1,
          nicolae_vaults_ellipses_ellipsis, v_alt_pattern_1,
          nicolae_vaults_steering_wheel, vaults_mumra_minichess,
          nicolae_vaults_asterisk, layout_vaults_maze, uniq_jory, uniq_mara
Vaults:5
Crypt:1:  layout_regular_city, serial_co_window_serial, co_window_paths_a,
          co_window_paths_a, co_window_corner_a, co_window_of_opportunity_a,
          co_window_paths_b, co_window_corner_a, co_window_corner_b,
          co_window_of_opportunity_c, co_window_broadway_b, co_window_2corner,
          glass_columns_a, glass_columns_b, grunt_crypt_arrival_split
Crypt:2:  layout_misc_corridors, lemuel_elevator, uniq_zenata
Crypt:3:  quadcrypt_mu
Depths:1: layout_basic, grunt_hell_entry_demonic_statue,
          hangedman_decor_riveting, abyss_entry_small_statue_room,
          minmay_misc_feat_room, minmay_hedge_maze, minmay_holes,
          nicolae_gozag_seed_capital
Depths:2: minmay_tri_stars, layout_cross, pan_entry, abyss_entry,
          pf_coc_iceberg, kennysheep_decorative_pillar, serial_shops,
          nicolae_shop_bloodbath_and_beyond
Depths:3: kennysheep_room_grid, layout_gridlike, enter_ziggurat_e,
          abyss_entry_flame_altar, good_gods_mini_temple,
          pf_dread_powers_of_hell, nicolae_water_bricks, uniq_xtahua
Depths:4: evilmike_zot_entry_hall, layout_gridlike, serial_sigils,
          serial_sigils_hangedman_scratch, serial_sigils_hangedman_scar,
          serial_sigils_hangedman_leer, serial_sigils_hangedman_etch,
          serial_sigils_hangedman_shear, serial_sigils_hangedman_writhe,
          lemuel_crystal_altar, hell_entry, uniq_parghit, uniq_vv,
          uniq_frederick
Zot:1:    layout_misc_corridors, grunt_ministairs_3,
          regret_index_zotdec_tunneler
Zot:2:    hellmonk_crystal_mountain, layout_basic
Zot:3:    lemuel_acid_trip, layout_concentric_octagons, basic_altar
Zot:4:    layout_onion_interference
Zot:5:    layout_misc_corridors

Skill      XL: |  1  2  3  4  5  6  7  8  9 10 11 12 13 14 15 16 17 18 19 20 21 22 23 24 25 26 27 |
---------------+----------------------------------------------------------------------------------+-----
Summonings     | 1 2 3 5 7 9 11 12 13 15 16 18 20 22 23 24 | 24.6
Spellcasting   | 2 3 4 6 8 9 10 11 12 13 14 15 17 18 19 20 | 20.1
Fighting       | 5 9 10 12 14 16 17 18 19 21 22 23 | 23.8
Ice Magic      | 1 2 |  2.0
Polearms       | 8 13 | 13.8
Armour         | 7 10 11 12 14 15 | 15.5
Shields        | 8 9 10 12 13 14 15 16 | 16.5
Necromancy     | 5 11 13 14 | 14.0
Staves         | 2 |  2.0
Dodging        | 6 8 |  8.8
Translocations | 3 |  3.8
Axes           | |  3.2
Fire Magic     | |  2.6

Action                     |  1- 3 |  4- 6 |  7- 9 | 10-12 | 13-15 | 16-18 | 19-21 | 22-24 | 25-27 || total
---------------------------+-------+-------+-------+-------+-------+-------+-------+-------+-------++-------
  Melee: Hand axe          |    88 |   109 |       |       |       |       |       |       |       ||   197
         Headbutt          |    11 |    21 |    52 |    55 |   163 |   153 |   352 |   223 |   159 ||  1189
         Dagger            |       |   103 |   209 |       |       |       |       |       |       ||   312
         Punch             |       |     1 |     2 |     5 |     9 |     4 |       |       |       ||    21
         Trident           |       |       |    46 |   363 |   858 |  1151 |   221 |       |       ||  2639
         Staff             |       |       |       |       |       |    10 |   832 |   413 |       ||  1255
         Demon trident     |       |       |       |       |       |       |   583 |       |       ||   583
         Trishula          |       |       |       |       |       |       |    30 |   423 |   896 ||  1349
   Cast: Call Imp          |    11 |    25 |    35 |    68 |    29 |       |       |       |       ||   168
         Summon Ice Beast  |       |       |    43 |    76 |    70 |     3 |       |       |       ||   192
         Summon Cactus Gia |       |       |       |    28 |   100 |    93 |    27 |     1 |       ||   249
         Summon Hydra      |       |       |       |     2 |    45 |    86 |    36 |       |     2 ||   171
         Martyr's Knell    |       |       |       |       |     3 |    31 |     1 |       |       ||    35
         Death Channel     |       |       |       |       |       |     8 |    56 |    34 |    17 ||   115
         Haunt             |       |       |       |       |       |       |   181 |    37 |    14 ||   232
         Dragon's Call     |       |       |       |       |       |       |    11 |    40 |    47 ||    98
         Sublimation of Bl |       |       |       |       |       |       |       |       |     9 ||     9
         Malign Gateway    |       |       |       |       |       |       |       |       |     5 ||     5
 Invoke: Fiery Armour      |       |     2 |       |       |     1 |       |       |       |       ||     3
         Foxfire Swarm     |       |       |     1 |     1 |     2 |       |       |       |       ||     4
         Call Merchant     |       |       |       |       |     1 |       |     2 |       |     3 ||     6
         Potion Petition   |       |       |       |       |       |     1 |     1 |     4 |       ||     6
         Bribe Branch      |       |       |       |       |       |       |       |     1 |     2 ||     3
  Evoke: Wand              |       |       |       |    11 |     2 |       |     1 |       |       ||    14
         Phantom mirror    |       |       |       |       |       |     1 |       |     1 |       ||     2
    Use: Scroll            |       |     6 |     2 |    13 |    11 |     9 |    21 |    13 |    17 ||    92
         Potion            |       |     4 |     3 |     1 |    13 |     6 |    14 |     7 |     5 ||    53
   Stab: Distracted        |       |       |       |       |    10 |     6 |     9 |    20 |    14 ||    59
         Petrified         |       |       |       |       |     5 |       |       |       |       ||     5
         Invisible         |       |       |       |       |       |       |     2 |     4 |       ||     6
         Paralysed         |       |       |       |       |       |       |       |     4 |       ||     4
 Armour: Robe              |    56 |   172 |   244 |   345 |   533 |   118 |       |       |       ||  1468
         Swamp dragon scal |       |       |       |       |       |   714 |  1544 |   729 |   462 ||  3449
  Dodge: Dodged            |    51 |    97 |    92 |   132 |   181 |   220 |   325 |   181 |   135 ||  1414
  Block: Kite shield       |       |       |       |       |       |   202 |   588 |   286 |   197 ||  1273
